 Dungeon Crawl Stone Soup version 0.30-a0-172-gc5509c9e31 (webtiles) character file.

Game seed: 5916613352422865707

1054 freelancePsychic the Fruitful (level 8, -3/48 HPs)
             Began as a Deep Elf Fighter on Oct 1, 2022.
             Was a Priest of Fedhas.
             Slain by Duvessa
             ... wielding a +0 short sword
              (12 damage)
             ... on level 5 of the Dungeon on Oct 2, 2022.
             The game lasted 00:08:33 (4558 turns).

freelancePsychic the Fruitful (Deep Elf Fighter)    Turns: 4558, Time: 00:08:34

Health: -3/48      AC:  9    Str: 13    XL:     8   Next: 5%
Magic:  8/14       EV: 12    Int: 14    God:    Fedhas [***...]
Gold:   180        SH:  5    Dex: 22    Spells: 7/7 levels left

rFire   + . .      SeeInvis .    r - +2 dagger (elec)
rCold   . . .      Faith    .    c - +0 buckler
rNeg    . . .      Spirit   .    o - +0 ring mail
rPois   .          Reflect  .    (no helmet)
rElec   .          Harm     .    x - +0 cloak
rCorr   .          Rampage  .    (no gloves)
Will    .....                    f - +2 pair of boots
Stlth   ++........               (no amulet)
HPRegen 0.28/turn                p - ring of protection from fire
MPRegen 0.14/turn                w - +6 ring of dexterity

@: no status effects
A: no striking features
a: Renounce Religion, Wall of Briars, Grow Ballistomycete


You were on level 5 of the Dungeon.
You worshipped Fedhas.
Fedhas was most pleased with you.
You visited 1 branch of the dungeon, and saw 5 of its levels.

You collected 180 gold pieces.

Inventory:

Hand Weapons
 a - a +0 rapier
 g - a +0 dagger of protection
 r - a +2 dagger of electrocution (weapon)
Armour
 b - a +0 scale mail
 c - a +0 buckler (worn)
 f - a +2 pair of boots (worn)
 o - a +0 ring mail (worn)
 x - a +0 cloak (worn)
Jewellery
 p - a ring of protection from fire (left hand)
 w - a +6 ring of dexterity (right hand)
Wands
 l - a wand of roots (11)
 y - a wand of charming (10)
Scrolls
 e - 2 scrolls of amnesia
 j - a scroll of fog
 q - a scroll of poison
 s - a scroll of magic mapping {unknown}
 t - a scroll of vulnerability
 B - a scroll of immolation {unknown}
Potions
 d - 2 potions of might
 i - a potion of mutation {unknown}
 k - 2 potions of cancellation
 n - a potion of ambrosia {unknown}
 u - a potion of brilliance {unknown}
 v - 2 potions of heal wounds {unknown}
 z - a potion of flight {unknown}
 A - a potion of resistance {unknown}


   Skills:
 + Level 4.7 Fighting
 - Level 4.0 Short Blades
 - Level 2.4 Armour
 + Level 4.2 Dodging
 - Level 3.5 Stealth
 - Level 2.4 Shields
 * Level 5.6 Invocations


You had 7 spell levels left.
You didn't know any spells.
Your spell library contained the following spells:

 Spells                   Type           Power      Damage    Failure   Level
 Call Canine Familiar     Summ           0%         N/A       94%         3
 Gell's Gravitas          Tloc           0%         N/A       94%         3
 Lesser Beckoning         Tloc           0%         N/A       94%         3
 Portal Projectile        Hex/Tloc       0%         N/A       94%         3
 Teleport Other           Tloc           0%         N/A       94%         3
 Leda's Liquefaction      Hex/Erth       0%         N/A       100%        4


Dungeon Overview and Level Annotations

Branches:
Dungeon (5/15)
 Temple: D:4-7

Altars:
Fedhas
Nemelex Xobeh
Vehumet

Shops:
D:5 *

Annotations:
D:3 exclusion: bullfrog
D:4 Sigmund
D:5 Duvessa


Message History

Duvessa hits your briar patch but does no damage.
Duvessa hits something with a +0 short sword.
Duvessa hits something with a +0 short sword!
Duvessa hits your briar patch with a +0 short sword!
Duvessa hits your briar patch with a +0 short sword. x2
Your briar patch is destroyed!
Your briar patch disappears in a puff of smoke!
A briar patch grows up from the ground. x4
You walk carefully through the plants.
Duvessa is struck by your briar patch's thorns.
Duvessa hits your briar patch with a +0 short sword!
Duvessa hits your briar patch with a +0 short sword.
Duvessa hits your briar patch but does no damage.
Duvessa hits your briar patch with a +0 short sword.
Duvessa hits your briar patch with a +0 short sword!
Your briar patch is destroyed!
Your briar patch disappears in a puff of smoke!
Duvessa rages.
Duvessa hits your briar patch with a +0 short sword!
Duvessa hits your briar patch with a +0 short sword!
Your briar patch is destroyed!
Your briar patch disappears in a puff of smoke!
You barely miss Duvessa.
Duvessa is heavily wounded.
You block Duvessa's attack.
You hit Duvessa but do no damage.
Duvessa is heavily wounded.
Duvessa hits you with a +0 short sword!
You hit Duvessa but do no damage.
Duvessa is heavily wounded.
Duvessa hits you with a +0 short sword! Duvessa hits you with a +0 short sword.
You hit Duvessa but do no damage.
Duvessa is heavily wounded.
Duvessa hits you with a +0 short sword!
* * * LOW HITPOINT WARNING * * *
Okay, then.
A briar patch grows up from the ground. x3
Duvessa hits you with a +0 short sword!
You die...
Fedhas appreciates your contribution to the ecosystem.

.. .. # ##.## #. #.
##...#### #.
##.###.......# ### .## .
##...##.... #.# #.. ...
#.#.#.#.#.#.###.# #.# #.#
.. #.#..........##.# #.#
#.# ..
#...##........P###.###.##
..
###..........##P@e.P...#P#
..
.#.#......#.###P###P###.##
###.. #.........#.# #.#
#.# #P§..e....
.###..)...#.# #.# #.#
########.# .# ##...#.#.#
#.###.# #e# .# ##.##.#.#
#..##.# #.# .# #.##.#.#
#.)...#### ###.## .#
#.##.#.# #........# #))...
†#####.##.#.# ##.#####.#
#)#.##


You could see Duvessa (berserk, ally target).

Vanquished Creatures
  2 ogres (D:5)
  A bullfrog (D:5)
  A necrophage (D:5)
  Dowan (D:5)
  5 killer bees (D:5)
  3 hounds
  3 jellies
  An orc priest (D:5)
  Crazy Yiuf (D:3)
  Ijyb (D:4)
  2 iguanas
  2 gnolls
  6 adders
  A shadow imp (D:5)
  A worm (D:3)
  9 dart slugs
  5 orcs
  7 ball pythons
  5 endoplasms
  5 giant cockroaches
  4 goblins
  7 hobgoblins
  10 jackals
  5 kobolds
  4 quokkas
  3 bats
  4 frilled lizards
  4 rats
103 creatures vanquished.

Vanquished Creatures (collateral kills)
  A ballistomycete spore (D:5)
1 creature vanquished.

Vanquished Creatures (others)
  A ballistomycete spore (D:5)
1 creature vanquished.

Grand Total: 105 creatures vanquished

Notes
Turn   | Place    | Note
-------+----------+-------------------------------------------
     0 | D:1      | freelancePsychic the Deep Elf Fighter began the quest for
                  | the Orb.
     0 | D:1      | Reached XP level 1. HP: 13/13 MP: 3/3
    50 | D:1      | Reached skill level 1 in Stealth
   143 | D:1      | Reached XP level 2. HP: 17/18 MP: 4/4
   338 | D:1      | Found a faded altar of an unknown god.
   346 | D:1      | Prayed at the altar of an unknown god.
   346 | D:1      | Became a worshipper of Fedhas Madash
   346 | D:1      | Reached * piety under Fedhas
   668 | D:2      | Reached XP level 3. HP: 22/22 MP: 5/5
  1267 | D:2      | Reached ** piety under Fedhas
  1358 | D:1      | Reached XP level 4. HP: 13/27 MP: 6/6
  1544 | D:3      | Noticed a bullfrog
  1807 | D:3      | Reached skill level 1 in Dodging
  2014 | D:3      | Reached XP level 5. HP: 31/32 MP: 7/7
  2073 | D:3      | Found a runed translucent door.
  2074 | D:3      | Noticed Crazy Yiuf
  2525 | D:3      | Killed Crazy Yiuf
  2636 | D:4      | Found a large runed translucent door.
  2636 | D:4      | Noticed Ijyb
  2637 | D:4      | Found a large runed translucent door.
  2651 | D:4      | Killed Ijyb
  2652 | D:4      | Reached skill level 1 in Invocations
  2914 | D:4      | Noticed Sigmund
  3306 | D:4      | Reached *** piety under Fedhas
  3308 | D:4      | Reached XP level 6. HP: 36/38 MP: 9/9
  3478 | D:4      | Found a radiant altar of Vehumet.
  3486 | D:4      | Reached skill level 2 in Invocations
  3544 | D:4      | Found a sparkling altar of Nemelex Xobeh.
  3594 | D:5      | Entered Level 5 of the Dungeon
  3725 | D:5      | Found Zirch's General Store.
  3774 | D:5      | Reached skill level 3 in Invocations
  3816 | D:5      | Reached XP level 7. HP: 26/43 MP: 11/11
  4124 | D:5      | Reached skill level 4 in Invocations
  4335 | D:5      | Reached skill level 5 in Invocations
  4365 | D:5      | Reached XP level 8. HP: 20/48 MP: 12/14
  4477 | D:5      | Noticed Dowan
  4477 | D:5      | Noticed Duvessa
  4521 | D:5      | Killed Dowan
  4558 | D:5      | Slain by Duvessa

Illustrated notes

Levels and vault maps discovered:
D:1:      amcnicky_arrival_gap_in_the_tavern_cellar, layout_rooms,
          shapermc_ecumenical_altar_mp_highgroup
D:2:      layout_loops_ring
D:3:      layout_loops_corners, kennysheep_generic_room_15,
          uniq_crazy_yiuf_cottage
D:4:      layout_loops_cross, jmf_multi_god_temple2, roderic_lattice_a,
          minmay_goblin_kobold_house, uniq_sigmund, uniq_ijyb
D:5:      layout_loops_ring, serial_shops, nicolae_lakefront_shop, uniq_duvessa

Skill      XL: |  1  2  3  4  5  6  7 |
---------------+----------------------+-----
Stealth        | 1 2 3 |  3.5
Fighting       | 3 4 |  4.7
Dodging        | 1 2 4 |  4.2
Short Blades   | 3 4 |  4.0
Invocations    | 1 3 5 |  5.6
Armour         | |  2.4
Shields        | |  2.4

Action                   |  1- 3 |  4- 6 |  7- 9 || total
-------------------------+-------+-------+-------++-------
Melee: Dagger            |   199 |   188 |    76 ||   463
       Rapier            |    16 |       |       ||    16
Invok: Grow Ballistomyce |       |       |     1 ||     1
       Wall of Briars    |       |       |     3 ||     3
  Use: Scroll            |     3 |     7 |       ||    10
       Potion            |       |     1 |     1 ||     2
 Stab: Sleeping          |       |     5 |     1 ||     6
Armor: Scale mail        |    67 |       |       ||    67
       Ring mail         |    36 |    56 |    27 ||   119
Dodge: Dodged            |    70 |    60 |    44 ||   174
Block: Buckler           |    36 |    49 |    23 ||   108

Table legend: (Time is in decaauts)
 A = Elapsed time spent in this place.
 B = Non-inter-level travel time spent in this place.
 C = Inter-level travel time spent in this place.
 D = Time resting spent in this place.
 E = Time spent auto-exploring this place.
 F = Levels seen in this place.
 G = Mean time per level.
                   A        B        C        D        E       F      G
               +--------+--------+--------+--------+--------+-----+--------+
         Total |   4515 |   4377 |    138 |    116 |   3249 |   5 |  903.0 |
       Dungeon |   4515 |   4377 |    138 |    116 |   3249 |   5 |  903.0 |
               +--------+--------+--------+--------+--------+-----+--------+

Top non-repeatable levels by time:
     D:4: 1117 daAuts
     D:3: 1035 daAuts
     D:5: 860 daAuts
     D:2: 794 daAuts
     D:1: 708 daAuts
